 Dungeon Crawl Stone Soup version 0.26-a0-812-g31a745ddcd (webtiles) character file.

Game seed: 13880212317776619849

220 Borgoz the Skirmisher (level 5, -12/46 HPs)
             Began as a Ghoul Monk on Dec 8, 2020.
             Mangled by an ogre
             ... wielding a +0 giant club
              (17 damage)
             ... on level 4 of the Dungeon.
             The game lasted 00:03:18 (3241 turns).

Borgoz the Skirmisher (Ghoul Monk)                  Turns: 3241, Time: 00:03:19

Health: -12/46     AC:  7    Str: 15    XL:     5   Next: 97%
Magic:  0/4        EV: 10    Int:  5    God:
Gold:   151        SH:  0    Dex: 12    Spells: 4/4 levels left

rFire    . . .     SeeInvis .   k - +0 long sword
rCold    + . .     Faith    .   (no shield)
rNeg     + + +     Spirit   +   a - +0 scale mail
rPois    ∞         Reflect  .   (no helmet)
rElec    .         Harm     .   (no cloak)
rCorr    .         Rampage  .   (no gloves)
MR       .....                  p - +0 pair of boots
Stlth    +.........             r - amulet of guardian spirit
HPRegen  0.00/turn              (no ring)
MPRegen  0.09/turn              (no ring)

@: mighty
A: rotting body, claws 1, cold resistance 1, negative energy resistance 3,
inhibited regeneration, torment resistance, unbreathing
a: no special abilities


You were on level 4 of the Dungeon.
You visited 1 branch of the dungeon, and saw 4 of its levels.

You collected 151 gold pieces.

Inventory:

Hand Weapons
 k - a +0 long sword (weapon)
Armour
 a - a +0 scale mail (worn)
 p - a +0 pair of boots (worn)
Jewellery
 r - an amulet of guardian spirit (around neck)
Scrolls
 e - 2 scrolls of fear {unknown}
 g - 3 scrolls of identify {unknown}
 h - 5 scrolls of remove curse
 l - a scroll of immolation {unknown}
 m - a scroll of amnesia {unknown}
 n - a scroll of magic mapping {unknown}
 o - a scroll of blinking {unknown}
Potions
 b - 2 potions of curing {unknown}
 c - a potion of mutation {unknown}
 d - 3 potions of might
 f - a potion of degeneration {unknown}
 i - 3 potions of haste {unknown}
 j - 2 potions of flight {unknown}
 q - a potion of berserk rage {unknown}
 s - 2 potions of heal wounds {unknown}


   Skills:
 + Level 4.1 Fighting
 * Level 4.0 Long Blades
 * Level 2.7 Armour
 + Level 3.4 Dodging
 - Level 2.1 Stealth


You had 4 spell levels left.
You didn't know any spells.
Your spell library contained the following spells:

 Spells                   Type           Power        Failure   Level
 Magic Dart               Conj           #...         90%         1
 Blink                    Tloc           N/A          97%         2
 Call Imp                 Summ           #.......     97%         2
 Slow                     Hex            #.......     97%         2
 Conjure Flame            Conj/Fire      #.......     99%         3
 Mephitic Cloud           Conj/Pois/Air  #.......     99%         3


Dungeon Overview and Level Annotations

Branches:
Dungeon (4/15)
 Temple: D:4-7

Altars:
Ashenzari
Cheibriados
Nemelex Xobeh
Ru
Xom

Annotations:
D:4 2 transporters


Innate Abilities, Weirdness & Mutations

Your body is rotting away.
You thrive by killing the living.
You are immune to poison.
You have sharp fingernails.
Your flesh is cold resistant. (rC+)
You are immune to negative energy. (rN+++)
You do not regenerate when monsters are visible.
You are immune to unholy pain and torment.
You can survive without breathing.


Message History

You barely miss the ogre.
The ogre is lightly wounded.
The ogre hits you with a +0 giant club!
You are too injured to fight recklessly!
You are too injured to fight recklessly!
Firing (i - inventory) No suitable missiles.
Press: ? - help, Shift-Dir - straight line, f - ogre
Aim: an ogre, wielding a +0 giant club (lightly wounded)
Okay, then.
It was a potion of might.
You feel very mighty all of a sudden. The ogre hits you with a +0 giant club!
* * * LOW HITPOINT WARNING * * *
You hit the ogre.
The ogre is moderately wounded.
The ogre barely misses you.
You slash the ogre!
The ogre is severely wounded.
The ogre hits you with a +0 giant club!!
You die...

#.≈≈ ## #.≈≈ .
#.≈# .# ###
#.≈# ..#≈≈≈#
#.≈##.. ≈≈≈##
#..#.# ≈≈≈≈##
#...####≈≈≈≈≈##
#.@.#≈≈≈≈≈≈≈≈≈#
#O#..≈≈≈≈≈≈≈≈≈.
#.##...≈≈≈≈≈...
#.####.......#
#......#######
######.# #.# #
#.# # #.# ##


You could see an ogre.

Vanquished Creatures
  A hound (D:2)
  2 worker ants
  7 adders
  An ooze (D:2)
  A worm (D:4)
  2 dart slugs
  4 leopard geckos
  2 orcs (D:3)
  4 giant cockroaches
  9 hobgoblins
  A quokka (D:3)
  A ball python (D:1)
  11 bats
  2 frilled lizards
  9 goblins
  8 kobolds
  5 rats
70 creatures vanquished.

Notes
Turn   | Place    | Note
-------+----------+-------------------------------------------
     0 | D:1      | Borgoz the Ghoul Monk began the quest for the Orb.
     0 | D:1      | Reached XP level 1. HP: 19/19 MP: 0/0
   363 | D:1      | Reached XP level 2. HP: 26/26 MP: 1/1
   531 | D:1      | Reached skill level 1 in Armour
  1149 | D:2      | Reached XP level 3. HP: 31/31 MP: 2/2
  1202 | D:2      | Found a snail-covered altar of Cheibriados.
  1288 | D:2      | Found a shimmering altar of Xom.
  1496 | D:2      | Reached XP level 4. HP: 34/40 MP: 3/3
  1732 | D:2      | Found a sacrificial altar of Ru.
  2215 | D:2      | Reached XP level 5. HP: 39/46 MP: 4/4
  2645 | D:3      | Found a broken altar of Ashenzari.
  3044 | D:4      | Found a sparkling altar of Nemelex Xobeh.
  3164 | D:4      | Found a transporter.
  3185 | D:4      | Found a transporter.
  3236 | D:4      | Noticed an ogre
  3241 | D:4      | Mangled by an ogre

Illustrated notes

Levels and vault maps discovered:
D:1:      lightli_arrival_quake, layout_loops_ring
D:2:      layout_loops_corners, tgw_xom, lemuel_crystal_altar,
          nicolae_ru_the_path_less_chosen
D:3:      layout_loops_cross, ashenzari_conservatory_becter
D:4:      layout_loops_corners, gammafunk_temple_overflow_arena,
          nemelex_xobeh_ov_fountains_minmay, lemuel_zombie_altar_yredelemnul,
          lemuel_crystal_altar, old_standard_altar, grunt_decor_junction

Skill      XL: |  1  2  3  4  5 |
---------------+----------------+-----
Armour         | 1 2 |  2.7
Long Blades    | 3 4 |  4.0
Dodging        | 3 |  3.4
Fighting       | 4 |  4.1
Stealth        | |  2.1

Action                   |  1- 3 |  4- 6 || total
-------------------------+-------+-------++-------
Melee: Falchion          |    79 |       ||    79
       Long sword        |    25 |   124 ||   149
  Use: Scroll            |       |     1 ||     1
       Potion            |       |     1 ||     1
 Stab: Sleeping          |     3 |       ||     3
Armor: Robe              |     7 |       ||     7
       Leather armour    |     9 |       ||     9
       Ring mail         |     5 |       ||     5
       Scale mail        |     8 |    62 ||    70
Dodge: Dodged            |    85 |    71 ||   156
       Rpst.: Falchion   |    18 |       ||    18
       Long sword        |     8 |    25 ||    33

Table legend: (Time is in decaauts)
 A = Elapsed time spent in this place.
 B = Non-inter-level travel time spent in this place.
 C = Inter-level travel time spent in this place.
 D = Time resting spent in this place.
 E = Time spent auto-exploring this place.
 F = Levels seen in this place.
 G = Mean time per level.
                   A        B        C        D        E       F      G
               +--------+--------+--------+--------+--------+-----+--------+
         Total |   3284 |   3257 |     27 |    382 |   2310 |   4 |  821.0 |
       Dungeon |   3284 |   3257 |     27 |    382 |   2310 |   4 |  821.0 |
               +--------+--------+--------+--------+--------+-----+--------+

Top non-repeatable levels by time:
     D:2: 1218 daAuts
     D:1: 1133 daAuts
     D:3: 663 daAuts
     D:4: 269 daAuts
